 Dungeon Sprint DCSS version 0.31-a0-95-g6fa058ef04 (webtiles) character file.

Game seed: 16569992829698620225

49 fozzywoppz the Sneak (level 3, -2/16 HPs)
             Began as a Spriggan Enchanter on May 25, 2023.
             Slain by a water elemental (18 damage)
             ... in the Dungeon (Sprint III: "The Ten Rune Challenge").
             The game lasted 00:02:37 (198 turns).

fozzywoppz the Sneak (Spriggan Enchanter)            Turns: 198, Time: 00:02:38

Health: -2/16      AC:  3    Str:  4    XL:     3   Next: 53%
Magic:  9/9        EV: 20    Int: 16    God:
Gold:   30         SH:  0    Dex: 17    Spells: 5/10 levels left

rFire   . . .        a - +1 dagger
rCold   . . .        (no shield)
rNeg    . . .        b - +0 robe
rPois   .            (helmet restricted)
rElec   .            h - +0 cloak
rCorr   .            (gloves unavailable)
SInv    +            (boots unavailable)
Will    .....        (no amulet)
Stlth   ++++         (no ring)
HPRegen 0.22/turn    (no ring)
MPRegen 0.11/turn

%: no teleportation
@: hasted, very quick
A: very small, no large weapons, unfitting armour, see invisible, speed 3
a: no special abilities


You were in the Dungeon.
You visited 1 branch You collected 30 gold pieces.

Inventory:

Hand Weapons
 a - a +1 dagger (weapon)
Armour
 b - a +0 robe (worn)
 h - a +0 cloak (worn)
Scrolls
 i - a scroll of blinking
 j - a scroll of amnesia {unknown}
 k - a scroll of poison {unknown}
 l - 3 scrolls of identify
 n - a scroll of immolation {unknown}
Potions
 c - 2 potions of invisibility
 d - a potion of curing
 g - 2 potions of magic
 m - 2 potions of enlightenment
 o - 6 potions of mutation


   Skills:
 + Level 1.1 Short Blades
 + Level 6.1 Dodging
 + Level 7.9 Stealth
 - Level 4.0 Spellcasting
 - Level 5.0 Hexes


You had 5 spell levels left.
You knew the following spells:

 Your Spells              Type           Power      Damage    Failure   Level
a - Ensorcelled Hibernat  Hex/Ice        18%        N/A       11%         2
b - Confusing Touch       Hex            19%        N/A       6%          3

Your spell library contained the following spells:

 Spells                   Type           Power      Damage    Failure   Level
 Tukima's Dance           Hex            19%        N/A       6%          3
 Dazzling Flash           Conj/Hex       18%        N/A       22%         3


Dungeon Overview and Level Annotations

Branches:
Dungeon (1/1)

Altars:


Innate Abilities, Weirdness & Mutations

You are very small and have problems with some larger weapons.
You are too small for most types of armour.
You have supernaturally acute eyesight. (SInv)
You cover ground extremely quickly. (Speed+++)


Message History

The water elemental closely misses you.
You hit the water elemental but do no damage.
The water elemental is heavily damaged.
The water elemental completely misses you.
You barely miss the water elemental.
The water elemental is heavily damaged.
You closely miss the water elemental.
The water elemental is heavily damaged.
The water elemental misses you.
You hit the water elemental.
The water elemental is heavily damaged.
The water elemental misses you.
You hit the water elemental.
The water elemental is severely damaged.
You closely miss the water elemental.
The water elemental is severely damaged.
The water elemental hits you!
Ouch! That really hurt!
* * * LOW HITPOINT WARNING * * *
The water elemental engulfs you in water!
You slip free of the water engulfing you.
You gasp with relief as air once again reaches your lungs.
There is an open door here.
You feel much better.
There is an open door here.
You hit the water elemental.
The water elemental is severely damaged.
You hit the water elemental but do no damage.
The water elemental is severely damaged.
The water elemental closely misses you.
You hit the water elemental.
The water elemental is severely damaged.
The water elemental misses you.
You hit the water elemental.
The water elemental is almost destroyed.
You hit the water elemental.
The water elemental is almost destroyed.
The water elemental hits you!!
Ouch! That really hurt!
You die...

▓#'####.....♣♣ ♣..
▓.....#....~.♣♣♣♣.
▓.....#...~~...♣♣.
▓.....#..~~~~.♣.♣.
▓####'#..~≈≈~~~♣..
▓.....#.~~≈~~~....
▓.....#.~≈~~~.....
▓.....#.~~~.......
▓@#####...........
▓.E...†...........
▓▓▓▓▓▓▓▓▓▓▓▓▓▓▓▓▓▓


You could see a water elemental.

Vanquished Creatures
  Crazy Yiuf (D)
  A human (D)
  2 endoplasms (D)
  2 rats (D)
6 creatures vanquished.

Notes
Turn   | Place    | Note
-------+----------+-------------------------------------------
     0 | D        | fozzywoppz the Spriggan Enchanter began the quest for the
                  | Orb.
     0 | D        | Reached XP level 1. HP: 9/9 MP: 5/5
    31 | D        | Reached skill level 5 in Stealth
    71 | D        | Reached skill level 6 in Stealth
    71 | D        | Reached XP level 2. HP: 13/13 MP: 6/8
    81 | D        | Learned a level 2 spell: Ensorcelled Hibernation
    89 | D        | Noticed Crazy Yiuf
    96 | D        | Killed Crazy Yiuf
    97 | D        | Reached skill level 7 in Stealth
    97 | D        | Reached skill level 5 in Hexes
    97 | D        | Reached XP level 3. HP: 16/16 MP: 9/9
   147 | D        | Noticed a water elemental
   167 | D        | Learned a level 3 spell: Confusing Touch
   198 | D        | Slain by a water elemental

Illustrated notes

Levels and vault maps discovered:
D:        dungeon_sprint_mu [sprint_mu_entry_forest, sprint_mu_temple_rooms,
          sprint_mu_d1_spiders, sprint_mu_d2_genie, sprint_mu_d3_branching,
          sprint_mu_orc_legion, sprint_mu_elf_gauntlet, sprint_mu_hive_nellie,
          sprint_mu_lair_fedhas, sprint_mu_vaults_butterflies,
          sprint_mu_slime_circle, sprint_mu_swamp_cave, sprint_mu_shoals_kraken,
          sprint_mu_blade_basic, sprint_mu_crypt_fortress,
          sprint_mu_tomb_spiral, sprint_mu_vestibule_basic,
          sprint_mu_gehenna_hellfire, sprint_mu_dis_giant,
          sprint_mu_tartarus_statrot, sprint_mu_cocytus_islands, sprint_mu_zot1]

Skill      XL: |  1  2 |
---------------+-------+-----
Dodging        | 4 6 |  6.1
Spellcasting   | 4 |  4.0
Hexes          | 4 5 |  5.0
Stealth        | 6 7 |  7.9
Short Blades   | |  1.1

Action                     || total
---------------------------++-------
  Melee: Dagger            ||    40
    Use: Potion            ||     3
   Stab: Sleeping          ||     3
 Armour: Robe              ||     1
  Dodge: Dodged            ||    18

Table legend: (Time is in decaauts)
 A = Elapsed time spent in this place.
 B = Non-inter-level travel time spent in this place.
 C = Inter-level travel time spent in this place.
 D = Time resting spent in this place.
 E = Time spent auto-exploring this place.
 F = Levels seen in this place.
 G = Mean time per level.
                   A        B        C        D        E       F      G
               +--------+--------+--------+--------+--------+-----+--------+
         Total |    155 |    155 |      0 |     24 |      0 |   1 |  155.0 |
       Dungeon |    155 |    155 |      0 |     24 |      0 |   1 |  155.0 |
               +--------+--------+--------+--------+--------+-----+--------+

Top non-repeatable levels by time:
       D: 155 daAuts
